Unix NetHack Version 3.7.0-59 Work-in-progress - last build May 31 2022 12:28:31 (9682f85d67e5dc958826419965e067e47ead9563,branch:master). Game began 2022-05-31 19:17:22, ended 2022-05-31 19:29:10. ang3l, lawful female dwarven Valkyrie # ----------- 0#############..........| --|---- |.........| |.....| |.........| |..@..| |<........| |...@.- ----------- |.....| |.....| ------- Ang3l the Skirmisher St:18/01 Dx:10 Co:20 In:8 Wi:8 Ch:10 Lawful S:428 Dlvl:4 $:40 HP:0(38) Pw:6(6) AC:6 Xp:3/57 T:1447 Latest messages: You find a hidden door. The door opens. You stop. Kuzia is in the way! With great effort you move the boulder. Where do you want to travel to? (For instructions type a '?') The coyote misses! You kill the coyote! Where do you want to travel to? (For instructions type a '?') You hear the footsteps of a guard on patrol. You kill the brown mold! You see here a brown mold corpse. There is a brown mold corpse here; eat it? y This brown mold corpse tastes okay. You finish eating the brown mold corpse. Where do you want to travel to? (For instructions type a '?') You descend the stairs. $ - 5 gold pieces. Kuzia picks up a gold ring. Kuzia drops a gold ring. o - a gold ring. What do you want to wield? Never mind. What do you want to wear? Which ring-finger, Right or Left? r o - a gold ring (on right hand). You hear a door open. With great effort you move the boulder. The door opens. The homunculus bites! You hit the homunculus! The homunculus bites! You kill the homunculus! $ - 7 gold pieces. p - a long wand. The wererat zaps a hexagonal wand! The wand hits you! The door opens. You hit the wererat! The wererat zaps a hexagonal wand! The wand hits you! What do you want to write with? This long wand is a wand of digging! You engrave in the floor with a wand of digging. Gravel flies up from the floor. The wererat zaps a hexagonal wand! The wand hits you! You die... Major events: Turn 1: ang3l the lawful dwarven Valkyrie entered the dungeon 411: entered the Gnomish Mines 1197: attained the rank of Skirmisher (level 3) 1447: killed by a wand Inventory: Coins ('$') $ - 40 gold pieces Weapons (')') b - an uncursed +0 dagger (alternate weapon; not wielded) a - an uncursed +1 long sword (weapon in hand) Armor ('[') c - a blessed greased +3 small shield (being worn) Comestibles ('%') d - 2 uncursed food rations m - an uncursed food ration f - an uncursed lichen corpse Scrolls ('?') h - an uncursed scroll of blank paper l - an uncursed scroll of teleportation Potions ('!') i - an uncursed potion of levitation Rings ('=') o - an uncursed ring of regeneration (on right hand) Wands ('/') p - an uncursed wand of digging (0:6) Tools ('(') n - an uncursed can of grease (0:11) g - an uncursed tin opener Gems/Stones ('*') k - an uncursed touchstone named touchstone Ang3l the Valkyrie's attributes: Background: You were a Skirmisher, a level 3 dwarven Valkyrie. You were lawful, on a mission for Tyr who was opposed by Odin (neutral) and Loki (chaotic). You were in the Dungeons of Doom, on level 4. You entered the dungeon 1447 turns ago. There was a new moon in effect when your adventure ended. You had 57 experience points, 23 more were needed to attain level 4. Your score was 428 before end-of-game adjustments. Basics: You had 0 out of 38 hit points. You had all 6 energy points (spell power). Your armor class was 6. Your wallet contained 40 zorkmids. Autopickup was on for '$?!/="' plus thrown, with exceptions. Final Characteristics: Your strength was 18/01 (limit:18/100). Your dexterity was 10 (limit:20). Your constitution was 20 (limit:20). Your intelligence was 8 (limit:16). Your wisdom was 8 (limit:16). Your charisma was 10 (limit:16). Final Status: You were not hungry. You were unencumbered. You were wielding a long sword. You had basic skill with long sword. Final Attributes: You were devoutly aligned. You were cold resistant. You had infravision. You were stealthy. You regenerated. You are dead. Miscellaneous: You never encountered a bones level. Total elapsed playing time was 11 minutes and 46 seconds. Vanquished creatures: a homunculus a coyote a gas spore 2 brown molds a yellow mold a green mold a gecko 2 jackals a fox a goblin 3 sewer rats 2 grid bugs a bat a lichen a kobold zombie 5 newts 25 creatures vanquished. No species were genocided or became extinct. Voluntary challenges: You read items or engraved 1 time. You engraved Elbereth 1 time. You never genocided any monsters. You never polymorphed an object. You never changed form. You used no wishes. Achievements: You entered the Gnomish Mines. You attained the rank of Skirmisher. The Dungeons of Doom: levels 1 to 4 Level 1: Level 2: A fountain. Stairs down to The Gnomish Mines. Level 3: "vault" A fountain. Level 4: <- You were here. Final resting place for you, killed by a wand. The Gnomish Mines: Level 3: Game over: ---------- / \ / REST \ / IN \ / PEACE \ / \ | ang3l | | 40 Au | | killed by a wand | | | | | | | | 2022 | *| * * * | * _________)/\\_//(\/(/\)/\//\/|_)_______ Farvel ang3l the Valkyrie... You died in The Dungeons of Doom on dungeon level 4 with 424 points, and 40 pieces of gold, after 1447 moves. You were level 3 with a maximum of 38 hit points when you died.